[Event "52nd Biel Festival Blitz 2019"]
[Site "Biel"]
[Date "2019.07.27"]
[Round "5.3"]
[White "Maghsoodloo, Parham"]
[Black "Bogner, Sebastian"]
[Result "0-1"]
[ECO "A13"]
[WhiteElo "2656"]
[BlackElo "2584"]
[Annotator "ChessBase"]
[PlyCount "52"]
[EventDate "2019.07.27"]
[EventType "tourn"]
[EventCountry "SUI"]
[SourceTitle "playchess.com"]
[Source "ChessBase"]
[SourceQuality "1"]
[TimeControl "180+2"]

1. Nf3 d5 2. g3 Nf6 3. Bg2 e6 4. O-O c5 5. c4 d4 6. e3 Nc6 7. exd4 cxd4 8. d3 Bd6 9. Re1 O-O 10. b3 h6 11. Ba3 a5 12. Bxd6 Qxd6 13. Nbd2 e5 14. a3 Bf5 15. Qc2 Nd7 16. Ne4 Qe7 17. h3 Bh7 18. g4 f5 19. gxf5 Bxf5 20. Qe2 Rf7 21. Nfd2 Raf8 22. Qh5 Bh7 23. Rac1 Qxa3 24. c5 Kh8 25. Qd1 Qb4 26. Rc4 Qa3 0-1

[Event "52nd Biel Festival Blitz 2019"]
[Site "Biel"]
[Date "2019.07.27"]
[Round "10.2"]
[White "Bogner, Sebastian"]
[Black "Georgiadis, Nico"]
[Result "0-1"]
[ECO "A57"]
[WhiteElo "2584"]
[BlackElo "2514"]
[Annotator "ChessBase"]
[PlyCount "106"]
[EventDate "2019.07.27"]
[EventType "tourn"]
[EventCountry "SUI"]
[SourceTitle "playchess.com"]
[Source "ChessBase"]
[SourceQuality "1"]
[TimeControl "180+2"]

1. Nf3 Nf6 2. c4 g6 3. d4 c5 4. d5 b5 5. Qc2 Na6 6. a3 bxc4 7. e4 Bg7 8. Bxc4 Nc7 9. O-O O-O 10. Nc3 d6 11. h3 Ba6 12. Bxa6 Nxa6 13. Nd2 Nd7 14. Nc4 Nb6 15. b3 Nc7 16. Bd2 Qd7 17. Rab1 f5 18. f3 e6 19. dxe6 Nxe6 20. Nxb6 axb6 21. a4 Nd4 22. Qd3 fxe4 23. fxe4 Qe6 24. Nd5 Rab8 25. Bc3 Rxf1+ 26. Rxf1 b5 27. axb5 Rxb5 28. Nc7 Qxb3 29. Nxb5 Nxb5 30. Rb1 Qxc3 31. Qd5+ Kf8 32. Rf1+ Bf6 33. Qa8+ Kg7 34. Qb7+ Kh6 35. Qxb5 Qe3+ 36. Kh1 Be5 37. Rf3 Qxe4 38. Qf1 c4 39. h4 c3 40. Qc1+ Kg7 41. h5 c2 42. h6+ Kg8 43. Qf1 Qa8 44. Qc4+ Kh8 45. Qf1 Kg8 46. Qc4+ Kh8 47. Qf1 Kg8 48. Qc4+ d5 49. Qf1 d4 50. g3 c1=Q 51. Qxc1 Qxf3+ 52. Kg1 Qxg3+ 53. Kf1 Qf4+ 0-1

[Event "52nd Biel Festival Blitz 2019"]
[Site "Biel"]
[Date "2019.07.27"]
[Round "10.4"]
[White "Vidit, Santosh Gujrathi"]
[Black "Maghsoodloo, Parham"]
[Result "1-0"]
[ECO "B06"]
[WhiteElo "2703"]
[BlackElo "2656"]
[Annotator "ChessBase"]
[PlyCount "97"]
[EventDate "2019.07.27"]
[EventType "tourn"]
[EventCountry "SUI"]
[SourceTitle "playchess.com"]
[Source "ChessBase"]
[SourceQuality "1"]
[TimeControl "180+2"]

1. d4 g6 2. e4 Bg7 3. Nc3 d6 4. Be3 a6 5. Qd2 Nd7 6. h4 h5 7. Nh3 Ngf6 8. f3 b5 9. Ng5 Bb7 10. O-O-O e6 11. a3 Qe7 12. Kb1 c5 13. dxc5 dxc5 14. Qd6 Qxd6 15. Rxd6 Bf8 16. Rd2 c4 17. Be2 Bc5 18. Bxc5 Nxc5 19. a4 Bc6 20. Rd6 Rc8 21. axb5 axb5 22. Rhd1 Ke7 23. g3 Rc7 24. Na2 Ra8 25. Nb4 Be8 26. e5 Nfd7 27. f4 Ra4 28. c3 Nb3 29. Kc2 Ndc5 30. Bf3 Ra1 31. Rxa1 Nxa1+ 32. Kd2 Nab3+ 33. Ke3 Na4 34. Bc6 Nxb2 35. Bxe8 Kxe8 36. Nh7 Rc8 37. Nf6+ Kf8 38. Nc6 Na4 39. Na7 Ra8 40. Nxb5 Kg7 41. Rd7 Nbc5 42. Rc7 Na6 43. Rxc4 N6c5 44. Nd6 Rd8 45. Rb4 Nxc3 46. Kd4 N5a4 47. Rb7 Ne2+ 48. Ke3 Nxg3 49. Rxf7+ 1-0